 Dungeon Crawl Stone Soup version 0.31-a0-232-gb1c03b2570 (webtiles) character file.

Game seed: 8922075506470958527

5887 qw the Skirmisher (level 10, -5/64 HPs)
             Began as a Gargoyle Hexslinger on July 7, 2023.
             Was a Follower of Okawaru.
             Slain by Grum
             ... wielding a -2 glaive
              (23 damage)
             ... on level 8 of the Dungeon.
             The game lasted 00:02:57 (6599 turns).

qw the Skirmisher (Gargoyle Hexslinger)             Turns: 6599, Time: 00:02:58

Health: -5/64      AC: 12    Str: 13    XL:     10   Next: 82%
Magic:  13/13      EV: 12    Int: 13    God:    Okawaru [*.....]
Gold:   354        SH:  0    Dex: 16    Spells: 10/11 levels left

rFire   + . .        Y - +0 triple crossbow
rCold   + . .        (shield currently unavailable)
rNeg    + . .        d - +0 troll leather armour
rPois   inf          (no helmet)
rElec   +            (no cloak)
rCorr   .            r - +0 pair of gloves
SInv    .            (no boots)
Will    .....        (no amulet)
Stlth   +            o - ring of Meuvin {Wiz rPois rC+}
HPRegen 1.10/turn    g - ring of protection from fire
MPRegen 0.13/turn

%: wizardry (x1)
@: about to teleport
A: sickness immunity, AC +7, negative energy resistance 1, electricity
resistance, torment resistance 1, petrification resistance
a: Renounce Religion, Heroism


You were on level 8 of the Dungeon.
You worshipped Okawaru.
Okawaru was aware of your devotion.
You visited 2 branches of the dungeon, and saw 9 of its levels.

You collected 354 gold pieces.


Innate Abilities, Weirdness & Mutations

You are immune to sickness and miasma.
Your stone body is resilient. (AC +7)
You are immune to poison.
You resist negative energy. (rN+)
You are resistant to electric shocks. (rElec)
You are resistant to unholy torment.
You are immune to petrification.


   Skills:
 + Level 8.0 Fighting
 - Level 13.0 Ranged Weapons
 - Level 2.2 Armour
 - Level 3.1 Dodging
 - Level 1.0 Spellcasting
 - Level 2.6 Hexes
 - Level 4.0 Invocations


You had 10 spell levels left.
You knew the following spells:

 Your Spells              Type           Power      Damage    Failure   Level
a - Slow                  Hex            28%        N/A       4%          1

Your spell library contained the following spells:

 Spells                   Type           Power      Damage    Failure   Level
 Inner Flame              Hex/Fire       4%         N/A       24%         3
 Portal Projectile        Hex/Tloc       8%         N/A       24%         3
 Cause Fear               Hex            3%         N/A       41%         4

Inventory:

Hand Weapons
 Y - a +0 triple crossbow (weapon)
Armour
 b - a +1 leather armour of fire resistance
 d - a +0 troll leather armour (worn)
 r - a +0 pair of gloves (worn)
Jewellery
 g - a ring of protection from fire (right hand)
 o - the ring of Meuvin (left hand) {Wiz rPois rC+}
   (You found it on level 6 of the Dungeon)

   [ring of wizardry]

   It improves your spell success rate.
   rC:        It protects you from cold.
   rPois:     It protects you from poison.
 t - a ring of protection from cold
 u - a ring of willpower
 v - a +6 ring of strength
Scrolls
 a - a scroll of identify
Potions
 c - a potion of enlightenment
 e - a potion of might
 f - 3 potions of curing
 h - a potion of mutation
 i - a potion of experience {unknown}
 j - a potion of cancellation {unknown}
 k - a potion of ambrosia {unknown}
 m - a potion of attraction {unknown}
 p - a potion of lignification {unknown}
 q - a potion of resistance {unknown}

Dungeon Overview and Level Annotations

Branches:
Dungeon (8/15)             Temple (1/1) D:5
   Lair: D:8-11

Altars:
Ashenzari
Cheibriados
Dithmenos
Elyvilon
Fedhas
Gozag
Hepliaklqana
Kikubaaqudgha
Makhleb
Nemelex Xobeh
Okawaru
Qazlal
Ru
Trog
Uskayaw
Vehumet
Wu Jian
Xom
Yredelemnul
Zin
The Shining One

Shops:
D:5 =

Annotations:
D:8 Grum


Message History

You shoot a bolt. The bolt hits the wolf!!
You kill the wolf!
Okawaru accepts your kill. The wolf bites you but does no damage.
Grum completely misses you.
The orc warrior hits you but does no damage.
The wolf barely misses you.
The orc warrior hits you from afar with a +0 halberd.
Grum hits you from afar with a -2 glaive!
You shoot a bolt. The bolt hits the wolf!
The wolf is heavily wounded.
The wolf bites you but does no damage. The wolf misses you.
The orc warrior hits you from afar with a +0 halberd!
Grum misses you. The wolf bites you.
You shoot a bolt. The bolt barely misses the wolf.
The wolf misses you. Grum misses you. The orc warrior completely misses you.
The wolf barely misses you.
The orc warrior hits you from afar with a +0 halberd!
Grum closely misses you.
You shoot a bolt. The bolt hits the wolf!!!
You kill the wolf!
Okawaru accepts your kill.
The orc warrior hits you from afar with a +0 halberd.
Grum closely misses you.
Your base Ranged Weapons skill increases to level 13!
You shoot a bolt. The bolt hits Grum!
Grum is moderately wounded.
Grum completely misses you. The orc warrior closely misses you.
The orc warrior hits you from afar with a +0 halberd!
Grum barely misses you.
6598 ||| READING scroll of teleportation.
As you read the scroll of teleportation, it crumbles to dust.
You feel strangely unstable.
The orc warrior hits you but does no damage.
Grum barely misses you.
You shoot a bolt. The bolt barely misses Grum.
You feel like a meek peon again.
You hear a shout!
The orc warrior barely misses you.
Grum hits you from afar with a -2 glaive!!
You die...

.... .# . ...# .#
..####### #..# .
......... #..#. .%.......
##.###).# ..........
.....)..#####............
.......g)o...[...))...)<.
.......#.####.o.......(..
.......#@)#### ##.......
......###....# #.......
.....g ####.#####.......
...... #....##..>...)
..... ####........##
..... .#####........#
#..............#
########.......#
#.......#


You could see Grum and an orc warrior.

Vanquished Creatures
  A two-headed ogre (D:7)
  Maggie (D:6)
  A troll (D:7)
  Grinder (D:5)
  Sigmund (D:4)
  A yak (D:6)
  Eustachio (D:5)
  Menkaure (D:5)
  A water moccasin (D:6)
  Duvessa (D:5)
  An ice beast (D:7)
  4 sky beasts
  A black bear (D:7)
  3 orc warriors
  2 wolves (D:8)
  An ogre (D:6)
  3 centaurs
  2 phantoms (D:7)
  3 gnoll sergeants
  Blork the orc (D:4)
  3 scorpions (D:6)
  5 bullfrogs
  5 wights (D:7)
  Dowan (D:5)
  4 killer bees (D:7)
  3 howler monkeys (D:8)
  A hound (D:4)
  2 orc priests
  A gnoll bouda (D:7)
  3 jellies
  3 sleepcaps
  8 orc wizards
  Ijyb (D:3)
  Natasha (twice) (D:4)
  6 iguanas
  A statue (D:4)
  17 gnolls
  7 adders
  2 white imps
  A worm (D:5)
  4 dart slugs
  16 orcs
  5 ball pythons
  5 endoplasms
  4 giant cockroaches
  7 goblins
  11 hobgoblins
  9 kobolds
  4 quokkas
  6 bats
  2 frilled lizards
  8 rats
188 creatures vanquished.

Vanquished Creatures (others)
  A kobold zombie (D:3)
1 creature vanquished.

Grand Total: 189 creatures vanquished

Notes
Turn   | Place    | Note
-------+----------+-------------------------------------------
     0 | D:1      | qw the Gargoyle Hexslinger began the quest for the Orb.
     0 | D:1      | Reached XP level 1. HP: 12/12 MP: 2/2
     0 | D:1      | 0 ||| qw: Version: 0.3-a-46-gb1f654a
     0 | D:1      | 0 ||| qw: Game counter: 2438
     0 | D:1      | 0 ||| qw: Melee chars always use a shield: true
     0 | D:1      | 0 ||| qw: God list: Okawaru
     0 | D:1      | 0 ||| qw: Allow faded altars: false
     0 | D:1      | 0 ||| qw: Do Orc after clearing Dungeon:15 true
     0 | D:1      | 0 ||| qw: Do second Lair branch before Depths: true
     0 | D:1      | 0 ||| qw: Lair rune preference: random
     0 | D:1      | 0 ||| qw: Goals: Normal
     0 | D:1      | 0 ||| PLANNING D:1-11
   123 | D:1      | 123 ||| FLEEEEING.
   155 | D:1      | Reached XP level 2. HP: 16/16 MP: 3/3
   242 | D:1      | Reached skill level 3 in Ranged Weapons
   405 | D:1      | Reached XP level 3. HP: 16/21 MP: 4/4
   675 | D:1      | 675 ||| READING 2 scrolls labelled CEACLU KECS.
   680 | D:1      | 680 ||| READING scroll labelled GITOJEKHAI.
   681 | D:1      | 681 ||| DRINKING 2 white potions.
   682 | D:1      | 682 ||| DROPPING scroll of poison.
  1017 | D:2      | Reached XP level 4. HP: 26/26 MP: 5/5
  1021 | D:2      | Found a blossoming altar of Fedhas.
  1220 | D:2      | Reached skill level 4 in Ranged Weapons
  1481 | D:2      | 1481 ||| UPGRADING to +0 ring mail.
  1491 | D:2      | 1491 ||| DROPPING +0 robe.
  1492 | D:2      | 1492 ||| DROPPING ring of wizardry.
  1493 | D:2      | 1493 ||| READING scroll labelled PIALLA CAOVYK.
  1494 | D:2      | 1494 ||| READING scroll labelled XIKINARALA.
  1495 | D:2      | 1495 ||| DRINKING 2 fuming orange potions.
  1496 | D:2      | 1496 ||| DRINKING 2 lumpy red potions.
  1497 | D:2      | 1497 ||| DROPPING potion of degeneration.
  1547 | D:3      | Identified the +2 dagger of Linearity {drain, rC+ SInv}
  1585 | D:3      | 1585 ||| SWAPPING to +0 triple crossbow.
  1587 | D:3      | Reached skill level 1 in Armour
  1587 | D:3      | 1587 ||| DROPPING +1 sling of chaos.
  1701 | D:3      | Found a broken altar of Ashenzari.
  1725 | D:3      | Noticed Ijyb
  1730 | D:3      | HP: 3/26 [Ijyb/+0 dagger (5)]
  1731 | D:3      | 1731 ||| READING 2 scrolls of teleportation.
  1732 | D:3      | HP: 1/26 [constriction (3)]
  1733 | D:3      | Killed Ijyb
  1734 | D:3      | Reached XP level 5. HP: 2/30 MP: 6/6
  1734 | D:3      | 1734 ||| READING scroll of teleportation.
  1736 | D:3      | 1736 ||| FLEEEEING.
  1737 | D:3      | 1737 ||| FLEEEEING.
  1738 | D:3      | 1738 ||| FLEEEEING.
  1739 | D:3      | 1739 ||| FLEEEEING.
  1740 | D:3      | 1740 ||| FLEEEEING.
  1741 | D:3      | 1741 ||| FLEEEEING.
  1742 | D:3      | 1742 ||| FLEEEEING.
  1743 | D:3      | 1743 ||| STAIRDANCE
  1843 | D:2      | 1843 ||| READING scroll labelled SUPHUU TAYWN.
  1844 | D:2      | 1844 ||| READING scroll labelled JUOZIE USMAI.
  1845 | D:2      | 1845 ||| READING scroll labelled XAOCRU CYETRE.
  1891 | D:3      | 1891 ||| Stepping ~*~*~tactically~*~*~ (outnumbered).
  1903 | D:3      | 1903 ||| FLEEEEING.
  1904 | D:3      | 1904 ||| FLEEEEING.
  1905 | D:3      | 1905 ||| FLEEEEING.
  1909 | D:3      | 1909 ||| FLEEEEING.
  1910 | D:3      | 1910 ||| FLEEEEING.
  1914 | D:3      | 1914 ||| FLEEEEING.
  1915 | D:3      | 1915 ||| FLEEEEING.
  1917 | D:3      | 1917 ||| STAIRDANCE
  1970 | D:3      | 1970 ||| STAIRDANCE
  1973 | D:2      | Reached skill level 5 in Ranged Weapons
  2296 | D:3      | 2296 ||| UPGRADING to +1 leather armour of fire resistance.
  2306 | D:3      | 2306 ||| DROPPING +0 ring mail.
  2307 | D:3      | 2307 ||| READING 2 scrolls labelled QIMMUT ASICHOS.
  2308 | D:3      | 2308 ||| READING scroll labelled PEYMNAI REROVU.
  2309 | D:3      | 2309 ||| DROPPING scroll of noise.
  2334 | D:4      | Noticed Sigmund
  2337 | D:4      | 2337 ||| STAIRDANCE
  2371 | D:4      | Killed Sigmund
  2372 | D:4      | Reached XP level 6. HP: 37/39 MP: 7/7
  2409 | D:4      | Noticed Blork the orc
  2416 | D:4      | Killed Blork the orc
  2534 | D:4      | Reached XP level 7. HP: 44/44 MP: 8/8
  2576 | D:4      | Found a white marble altar of Elyvilon.
  2656 | D:4      | Noticed Natasha
  2661 | D:4      | Killed Natasha
  2739 | D:4      | 2739 ||| Stepping ~*~*~tactically~*~*~ (outnumbered).
  2742 | D:4      | Reached skill level 6 in Ranged Weapons
  2787 | D:4      | Noticed Natasha
  2788 | D:4      | Killed Natasha
  2827 | D:4      | Found a radiant altar of Vehumet.
  2944 | D:4      | 2944 ||| UPGRADING to ring of protection from fire.
  2945 | D:4      | 2945 ||| READING scroll labelled PAEDGH ZUSI.
  2946 | D:4      | 2946 ||| DRINKING 2 emerald potions.
  3050 | D:4      | 3050 ||| DROPPING potion of berserk rage.
  3058 | D:5      | Entered Level 5 of the Dungeon
  3202 | D:5      | Reached skill level 7 in Ranged Weapons
  3234 | D:5      | Found a staircase to the Ecumenical Temple.
  3235 | D:5      | 3235 ||| PLANNING TEMPLE
  3241 | D:5      | Noticed Menkaure
  3245 | D:5      | Killed Menkaure
  3349 | Temple   | Entered the Ecumenical Temple
  3438 | Temple   | 3438 ||| PLANNING D:1-11
  3648 | D:5      | Found Onoest's Jewellery Shop.
  3653 | D:5      | 3653 ||| SHOPLISTING +6 ring of dexterity (540 gold, have
                  | 172).
  3653 | D:5      | 3653 ||| SHOPLISTING +6 ring of strength (540 gold, have
                  | 172).
  3653 | D:5      | 3653 ||| SHOPLISTING amulet of the acrobat (450 gold, have
                  | 172).
  3653 | D:5      | 3653 ||| SHOPLISTING ring of positive energy (300 gold,
                  | have 172).
  3653 | D:5      | 3653 ||| SHOPLISTING ring of protection from fire (375
                  | gold, have 172).
  3653 | D:5      | 3653 ||| SHOPLISTING ring of see invisible (225 gold, have
                  | 172).
  3668 | D:5      | Found a basalt altar of Yredelemnul.
  3687 | D:5      | Noticed Grinder
  3689 | D:5      | Noticed Dowan
  3689 | D:5      | Noticed Duvessa
  3697 | D:5      | Killed Duvessa
  3698 | D:5      | Reached skill level 8 in Ranged Weapons
  3698 | D:5      | Reached XP level 8. HP: 26/48 MP: 9/9
  3698 | D:5      | Paralysed by Grinder for 2 turns
  3700 | D:5      | Killed Grinder
  3703 | D:5      | Killed Dowan
  3804 | D:5      | Noticed Eustachio
  3825 | D:5      | Killed Eustachio
  3996 | D:5      | 3996 ||| UPGRADING to +6 ring of strength.
  4189 | D:6      | Reached skill level 9 in Ranged Weapons
  4194 | D:6      | Reached skill level 6 in Fighting
  4317 | D:6      | Reached XP level 9. HP: 49/55 MP: 10/10
  4518 | D:6      | Noticed Maggie
  4525 | D:6      | Killed Maggie
  4526 | D:6      | Reached skill level 10 in Ranged Weapons
  4534 | D:6      | 4534 ||| FLEEEEING.
  4535 | D:6      | 4535 ||| FLEEEEING.
  4536 | D:6      | 4536 ||| FLEEEEING.
  4537 | D:6      | 4537 ||| FLEEEEING.
  4538 | D:6      | 4538 ||| STAIRDANCE
  4580 | D:5      | 4580 ||| DROPPING +6 ring of intelligence.
  4583 | D:6      | 4583 ||| STAIRDANCE
  4662 | D:6      | Identified the ring of Meuvin {Wiz rPois rC+}
  4729 | D:6      | Reached skill level 3 in Dodging
  4911 | D:6      | Found an iron altar of Okawaru.
  4912 | D:6      | 4912 ||| PLANNING OKAWARU WORSHIP
  4912 | D:6      | 4912 ||| UPGRADING to ring of Meuvin {Wiz rPois rC+}.
  4914 | D:6      | 4914 ||| UPGRADING to ring of protection from fire.
  4918 | D:6      | Became a worshipper of Warmaster Okawaru
  4919 | D:6      | 4919 ||| PLANNING D:1-11
  5339 | D:6      | 5339 ||| DRINKING potion of curing.
  5339 | D:6      | 5339 ||| (to cure confusion)
  5387 | D:6      | 5387 ||| READING 2 scrolls of identify.
  5387 | D:6      | 5387 ||| IDENTIFYING fizzy orange potion
  5492 | D:7      | Reached * piety under Okawaru
  5493 | D:7      | Reached skill level 11 in Ranged Weapons
  5507 | D:7      | Reached skill level 1 in Invocations
  5539 | D:7      | 5539 ||| INVOKING Heroism.
  5549 | D:7      | Reached XP level 10. HP: 42/64 MP: 9/12
  5551 | D:7      | 5551 ||| INVOKING Heroism.
  5555 | D:7      | Reached skill level 3 in Invocations
  5557 | D:7      | HP: 13/64 [orc/+0 trident (5)]
  5558 | D:7      | 5558 ||| READING 3 scrolls of teleportation.
  5560 | D:7      | Noticed a two-headed ogre
  5561 | D:7      | 5561 ||| READING 2 scrolls of teleportation.
  5564 | D:7      | 5564 ||| READING scroll of teleportation.
  5567 | D:7      | 5567 ||| INVOKING Heroism.
  5634 | D:7      | 5634 ||| FLEEEEING.
  5635 | D:7      | 5635 ||| FLEEEEING.
  5636 | D:7      | 5636 ||| FLEEEEING.
  5637 | D:7      | 5637 ||| FLEEEEING.
  5638 | D:7      | 5638 ||| STAIRDANCE
  5739 | D:6      | 5739 ||| READING 2 scrolls of identify.
  5739 | D:6      | 5739 ||| IDENTIFYING black potion
  5745 | D:7      | 5745 ||| STAIRDANCE
  5747 | D:6      | 5747 ||| INVOKING Heroism.
  5846 | D:7      | 5846 ||| FLEEEEING.
  5847 | D:7      | 5847 ||| FLEEEEING.
  5848 | D:7      | 5848 ||| FLEEEEING.
  5849 | D:7      | 5849 ||| FLEEEEING.
  5850 | D:7      | 5850 ||| FLEEEEING.
  5912 | D:7      | 5912 ||| FLEEEEING.
  5913 | D:7      | 5913 ||| FLEEEEING.
  5914 | D:7      | 5914 ||| FLEEEEING.
  5915 | D:7      | 5915 ||| FLEEEEING.
  5919 | D:7      | 5919 ||| INVOKING Heroism.
  5946 | D:7      | 5946 ||| INVOKING Heroism.
  5952 | D:7      | Killed a two-headed ogre
  6060 | D:7      | 6060 ||| INVOKING Heroism.
  6062 | D:7      | HP: 15/64 [killer bee (4)]
  6063 | D:7      | 6063 ||| READING scroll of teleportation.
  6064 | D:7      | 6064 ||| DRINKING potion of heal wounds.
  6066 | D:7      | Reached skill level 12 in Ranged Weapons
  6108 | D:7      | 6108 ||| INVOKING Heroism.
  6208 | D:7      | 6208 ||| INVOKING Heroism.
  6302 | D:7      | 6302 ||| INVOKING Heroism.
  6513 | D:7      | 6513 ||| UPGRADING to +0 troll leather armour.
  6523 | D:7      | 6523 ||| DROPPING +0 steam dragon scales.
  6524 | D:7      | 6524 ||| UPGRADING to +0 pair of gloves.
  6529 | D:7      | 6529 ||| READING scroll labelled BEOGUELUSS.
  6530 | D:7      | 6530 ||| READING 2 scrolls of identify.
  6530 | D:7      | 6530 ||| IDENTIFYING smoky emerald potion
  6538 | D:8      | 6538 ||| INVOKING Heroism.
  6586 | D:8      | Noticed Grum
  6587 | D:8      | 6587 ||| INVOKING Heroism.
  6588 | D:8      | 6588 ||| Stepping ~*~*~tactically~*~*~ (outnumbered).
  6591 | D:8      | 6591 ||| Stepping ~*~*~tactically~*~*~ (outnumbered).
  6597 | D:8      | Reached skill level 13 in Ranged Weapons
  6597 | D:8      | HP: 15/64 [orc warrior/+0 halberd (11)]
  6598 | D:8      | 6598 ||| READING scroll of teleportation.
  6599 | D:8      | Slain by Grum

Levels and vault maps discovered:
D:1:      amcnicky_arrival_single_pillar, layout_basic
D:2:      layout_basic, minmay_hexomino_r4
D:3:      layout_rooms, mainiacjoe_overflow_paths,
          nicolae_elevator_lobby_asterisk, uniq_ijyb
D:4:      layout_rooms, elyvilon_altar_3, vehumet_statue, uniq_blork_the_orc,
          uniq_sigmund, uniq_natasha
D:5:      layout_rooms, lemuel_round_altar, serial_shops, nicolae_shop_crystal,
          uniq_grinder, uniq_menkaure, uniq_duvessa, uniq_eustachio
D:6:      minmay_thinvault, layout_cave_pools, kennysheep_mini,
          wad_floor_pattern_1, uniq_crazy_yiuf_cottage, uniq_maggie
D:7:      cheibrodos_fzero, layout_rooms, minmay_misc_feat_secret_circle
D:8:      layout_rooms, nicolae_sif_muna_condensation,
          eino_small_chamber_without_monster, uniq_psyche, uniq_grum
Temple:   nicolae_temple_superstar

Skill      XL: |  1  2  3  4  5  6  7  8  9 10 |
---------------+-------------------------------+-----
Ranged Weapons | 3 4 5 8 9 11 13 | 13.0
Fighting       | 2 4 6 7 8 |  8.0
Armour         | 1 2 |  2.2
Dodging        | 2 3 |  3.1
Invocations    | 2 4 |  4.0
Spellcasting   | |  1.0
Hexes          | |  2.6

Action                     |  1- 3 |  4- 6 |  7- 9 | 10-12 || total
---------------------------+-------+-------+-------+-------++-------
   Fire: Sling             |   134 |    30 |       |       ||   164
         Triple crossbow   |       |    74 |   247 |   105 ||   426
 Invoke: Heroism           |       |       |     1 |    11 ||    12
    Use: Scroll            |     2 |     9 |     2 |     8 ||    21
         Potion            |     1 |     2 |     2 |     1 ||     6
 Armour: Robe              |    13 |       |       |       ||    13
         Ring mail         |       |    39 |       |       ||    39
         Leather armour    |       |       |    92 |    27 ||   119
         Troll leather arm |       |       |       |    10 ||    10
  Dodge: Dodged            |    37 |    36 |   108 |   108 ||   289

Table legend:
 A = Non-vault XP
 B = Vault XP
 C = Vault XP percentage of total XP
 D = Non-vault monster count
 E = Vault monster count
 F = Vault count percentage of total count
                 A         B        C        D         E       F
            +---------+---------+-------+---------+---------+-------
      Total |    3387 |    5024 |  59.7 |     139 |      49 |  26.1
            +---------+---------+-------+---------+---------+-------
        D:1 |      46 |       0 |   0.0 |      25 |       0 |   0.0
        D:2 |     100 |      10 |   9.1 |      21 |       4 |  16.0
        D:3 |      85 |      35 |  29.2 |      20 |       1 |   4.8
        D:4 |     181 |     383 |  67.9 |      11 |       4 |  26.7
        D:5 |     200 |     835 |  80.7 |       8 |       5 |  38.5
        D:6 |     608 |    1690 |  73.5 |      20 |      17 |  45.9
        D:7 |    1597 |    1824 |  53.3 |      21 |      16 |  43.2
        D:8 |     570 |     247 |  30.2 |      13 |       2 |  13.3
            +---------+---------+-------+---------+---------+-------
